 Dungeon Crawl Stone Soup version 0.29.1-13-g9f3cf754e1 (webtiles) character file.

Game seed: 10500374822538208311

65 Thatpatchoflichen the Shooter (level 4, 0/28 HPs)
             Began as a Kobold Hunter on Jan 23, 2023.
             Slain by Ijyb
             ... wielding a +0 dagger
              (2 damage)
             ... on level 3 of the Dungeon.
             The game lasted 00:06:53 (2511 turns).

Thatpatchoflichen the Shooter (Kobold Hunter)       Turns: 2511, Time: 00:06:54

Health: 0/28       AC:  5    Str:  8    XL:     4   Next: 34%
Magic:  4/4        EV: 15    Int: 10    God:
Gold:   171        SH:  0    Dex: 20    Spells: 3/3 levels left

rFire   . . .      SeeInvis .   a - +0 shortbow
rCold   + . .      Faith    .   (shield currently unavailable)
rNeg    . . .      Spirit   .   e - +0 leather armour {rC+}
rPois   .          Reflect  .   r - +2 hat
rElec   .          Harm     .   (no cloak)
rCorr   .          Rampage  .   (no gloves)
Will    .....                   (no boots)
Stlth   +++.......              (no amulet)
HPRegen 0.09/turn               (no ring)
MPRegen 0.09/turn               (no ring)

@: no status effects
A: small, no large weapons, nightstalker 3
a: no special abilities


You were on level 3 of the Dungeon.
You visited 1 branch of the dungeon, and saw 4 of its levels.

You collected 171 gold pieces.

Inventory:

Hand Weapons
 a - a +0 shortbow (weapon)
 c - a +2 short sword of venom
 i - a +1 vampiric long sword
Missiles
 q - 4 boomerangs
Armour
 e - a +0 leather armour of cold resistance (worn)
 h - a +0 helmet
 m - a +0 chain mail
 o - a +0 scale mail
 r - a +2 hat (worn)
Scrolls
 b - 2 scrolls of immolation
 d - 5 scrolls of identify {unknown}
 g - 2 scrolls of fog {unknown}
 t - a scroll of noise {unknown}
Potions
 f - 2 potions of attraction {unknown}
 j - a potion of invisibility {unknown}
 k - a potion of berserk rage {unknown}
 l - 2 potions of might {unknown}
 n - a potion of brilliance {unknown}
 p - a potion of resistance {unknown}
 s - a potion of mutation {unknown}


   Skills:
 + Level 3.2 Fighting
 - Level 6.0 Ranged Weapons
 - Level 0.5 Armour
 + Level 3.2 Dodging
 + Level 2.0 Stealth


You had 3 spell levels left.
You didn't know any spells.
Your spell library contained the following spells:

 Spells                   Type           Power      Damage    Failure   Level
 Poisonous Vapours        Pois/Air       0%         N/A       63%         2
 Static Discharge         Conj/Air       0%         3-3/arc   63%         2
 Corpse Rot               Necr/Pois/Air  0%         N/A       99%         4
 Lightning Bolt           Conj/Air       0%         1d11      100%        5
 Maxwell's Capacitive Co  Air            0%         ∞         100%        8


Dungeon Overview and Level Annotations

Branches:
Dungeon (4/15)
 Temple: D:4-7

Altars:
Cheibriados

Annotations:
D:3 Ijyb


Innate Abilities, Weirdness & Mutations

You are small and have problems with some larger weapons.
You are completely attuned to the shadows.


Message History

Aim: Ijyb, wielding a +0 dagger, wearing a +0 leather armour and carrying a wand of iceblast (8) (lightly wounded, 60% to hit)
You shoot an arrow. The arrow hits Ijyb.
Ijyb is moderately wounded.
Fire: a) +0 shortbow
Press: ? - help, Q - select action, (/) - cycle Shift-Dir - straight line, f/p - Ijyb
Aim: Ijyb, wielding a +0 dagger, wearing a +0 leather armour and carrying a wand of iceblast (8) (moderately wounded, 60% to hit)
You shoot an arrow. The arrow hits Ijyb.
Ijyb is heavily wounded.
Fire: a) +0 shortbow
Press: ? - help, Q - select action, (/) - cycle Shift-Dir - straight line, f/p - Ijyb
Aim: Ijyb, wielding a +0 dagger, wearing a +0 leather armour and carrying a wand of iceblast (8) (heavily wounded, 60% to hit)
You shoot an arrow. The arrow completely misses Ijyb.
Ijyb hits you with a +0 dagger.
Fire: a) +0 shortbow
Press: ? - help, Q - select action, (/) - cycle Shift-Dir - straight line, f/p - Ijyb
Aim: Ijyb, wielding a +0 dagger, wearing a +0 leather armour and carrying a wand of iceblast (8) (heavily wounded, 60% to hit)
You shoot an arrow. The arrow hits Ijyb but does no damage.
Ijyb is heavily wounded.
Ijyb hits you with a +0 dagger.
* * * LOW HITPOINT WARNING * * *
Ijyb hits you but does no damage.
Fire: a) +0 shortbow
Press: ? - help, Q - select action, (/) - cycle Shift-Dir - straight line, f/p - Ijyb
Aim: Ijyb, wielding a +0 dagger, wearing a +0 leather armour and carrying a wand of iceblast (8) (heavily wounded, 60% to hit)
You shoot an arrow. The arrow hits Ijyb!
Ijyb is almost dead.
Ijyb barely misses you.
Fire: a) +0 shortbow
Press: ? - help, Q - select action, (/) - cycle Shift-Dir - straight line, f/p - Ijyb
Aim: Ijyb, wielding a +0 dagger, wearing a +0 leather armour and carrying a wand of iceblast (8) (almost dead, 60% to hit)
You shoot an arrow. The arrow closely misses Ijyb.
Ijyb hits you with a +0 dagger.
* * * LOW HITPOINT WARNING * * *
Fire: a) +0 shortbow
Press: ? - help, Q - select action, (/) - cycle Shift-Dir - straight line, f/p - Ijyb
Aim: Ijyb, wielding a +0 dagger, wearing a +0 leather armour and carrying a wand of iceblast (8) (almost dead, 60% to hit)
You shoot an arrow. The arrow hits Ijyb but does no damage.
Ijyb is almost dead.
Ijyb hits you with a +0 dagger.
You die...

#.# .. ####.########## #...
............... ....
#########.########## .... ......#
##.########## .... ......#
#...........# ....
......###..#......#.# ....
...g...##..#......#.# [...
....@..##..#......#.# #...
.......##..#......#.# ....
.......##..#......#.# #.##
.......##..#..†...#.# ..#
.......##..#......#.#
...............♣♣♣♣
......#.......♣....
..#...#......#####..#.......♣.≈≈≈
#...........................♣≈..≈


You could see Ijyb.

Vanquished Creatures
  An adder (D:3)
  A worm (D:2)
  9 endoplasms
  2 giant cockroaches
  6 hobgoblins
  4 jackals (D:2)
  3 ball pythons (D:1)
  8 bats
  3 frilled lizards
  4 goblins
  2 kobolds
  4 rats
47 creatures vanquished.

Notes
Turn   | Place    | Note
-------+----------+-------------------------------------------
     0 | D:1      | Thatpatchoflichen the Kobold Hunter began the quest for the
                  | Orb.
     0 | D:1      | Reached XP level 1. HP: 12/12 MP: 1/1
   149 | D:1      | Reached XP level 2. HP: 17/17 MP: 2/2
   222 | D:1      | Reached skill level 6 in Ranged Weapons
   730 | D:1      | Reached XP level 3. HP: 22/22 MP: 3/3
  1550 | D:2      | Found a faded altar of an unknown god.
  2197 | D:3      | Reached XP level 4. HP: 28/28 MP: 4/4
  2434 | D:3      | Found a snail-covered altar of Cheibriados.
  2503 | D:3      | Noticed Ijyb
  2511 | D:3      | Slain by Ijyb

Illustrated notes

Levels and vault maps discovered:
D:1:      lemuel_arrival_hallway, layout_basic, grunt_decor_fettered,
          minmay_heptomino_l4
D:2:      layout_basic, basic_ecumenical_altar
D:3:      layout_basic, mainiacjoe_overflow_paths, zin_academy, uniq_ijyb,
          uniq_crazy_yiuf_cottage
D:4:      layout_basic, minmay_fractal_squares_diagonal_5, uniq_edmund,
          uniq_eustachio, uniq_sigmund

Skill      XL: |  1  2  3  4 |
---------------+-------------+-----
Ranged Weapons | 6 |  6.0
Dodging        | 3 |  3.2
Fighting       | 3 |  3.2
Stealth        | 2 |  2.0
Armour         | |  0.5

Action                   |  1- 3 |  4- 6 || total
-------------------------+-------+-------++-------
 Fire: Shortbow          |   110 |    18 ||   128
Armor: Leather armour    |    26 |     1 ||    27
Dodge: Dodged            |    50 |     1 ||    51
